 Dungeon Crawl Stone Soup version 0.30.1-11-g7821555f0a (webtiles) character file.

Game seed: 14904623112916815167

105 Martska the Trooper (level 4, -6/48 HPs)
             Began as an Ogre Gladiator on Dec 14, 2023.
             Was a Follower of Qazlal.
             Mangled by an iguana (12 damage)
             ... on level 3 of the Dungeon.
             The game lasted 00:03:16 (2838 turns).

Martska the Trooper (Ogre Gladiator)                Turns: 2838, Time: 00:03:18

Health: -6/48      AC:  4    Str: 19    XL:     4   Next: 83%
Magic:  4/4        EV: 11    Int: 14    God:    Qazlal [*.....]
Gold:   136        SH:  2    Dex: 14    Spells: 3/3 levels left

rFire   . . .        a - +0 flail
rCold   . . .        (no shield)
rNeg    . . .        b - +0 robe
rPois   .            c - +0 hat
rElec   .            (no cloak)
rCorr   .            (gloves unavailable)
SInv    .            (boots unavailable)
Will    .....        (no amulet)
Stlth   +            o - +6 ring of intelligence
HPRegen 0.28/turn    (no ring)
MPRegen 0.09/turn

%: no passive effects
@: no status effects
A: large, unfitting armour, tough skin 1, agile 1, high MP 1, shaggy fur 1
a: Renounce Religion


You were on level 3 of the Dungeon.
You worshipped Qazlal.
Qazlal was aware of your devotion.
You visited 1 branch of the dungeon, and saw 4 of its levels.

You collected 136 gold pieces.

Inventory:

Hand Weapons
 a - a +0 flail (weapon)
Missiles
 d - 3 throwing nets (quivered)
Armour
 b - a +0 robe (worn)
 c - a +0 hat (worn)
 p - a scarf of harm
Jewellery
 o - a +6 ring of intelligence (left hand)
Scrolls
 f - 4 scrolls of identify {unknown}
 g - a scroll of noise {unknown}
 h - 2 scrolls of fear {unknown}
 k - 2 scrolls of vulnerability {unknown}
 l - a scroll of enchant weapon {unknown}
 m - 2 scrolls of immolation {unknown}
 n - a scroll of teleportation {unknown}
 q - a scroll of enchant armour {unknown}
Potions
 i - a potion of magic {unknown}
 j - a potion of mutation


   Skills:
 * Level 4.3 Fighting
 * Level 3.5 Maces & Flails
 - Level 2.0 Throwing
 * Level 3.5 Dodging
 + Level 0.2 Invocations


You had 3 spell levels left.
You didn't know any spells.
Your spell library was empty.

Dungeon Overview and Level Annotations

Branches:
Dungeon (4/15)             Temple (0/1) D:4

Altars:
Qazlal

Shops:
D:3 [


Innate Abilities, Weirdness & Mutations

You are too large for most types of armour.
You have tough skin. (AC +1)
You are agile. (Dex +4, Str/Int -1)
You have an increased reservoir of magic. (+10% MP)
You are covered in fur. (AC +1)


Message History

The iguana barely misses you.
The centaur hits you but does no damage.
The centaur kicks you but does no damage.
The iguana bites you!
You completely miss the centaur.
The centaur is lightly wounded.
The centaur barely misses you. The centaur closely misses you.
The centaur hits you but does no damage.
The centaur kicks you. The iguana closely misses you.
It was a potion of mutation.
You feel extremely strange.
You feel more energetic.
You feel agile. Fur sprouts all over your body.
The centaur hits you but does no damage.
The centaur kicks you but does no damage.
The iguana bites you.
You sock the centaur!
The centaur is heavily wounded.
The centaur closely misses you. The centaur completely misses you.
The centaur barely misses you. The centaur closely misses you.
The iguana barely misses you.
You barely miss the centaur.
The centaur is heavily wounded.
The centaur barely misses you. x2; The iguana bites you!
* * * LOW HITPOINT WARNING * * *
The centaur hits you.
* * * LOW HITPOINT WARNING * * *
The centaur closely misses you.
You closely miss the centaur.
The centaur is heavily wounded.
The centaur hits you but does no damage.
The centaur closely misses you. The iguana closely misses you.
The centaur closely misses you.
The centaur kicks you but does no damage.
You hit the centaur but do no damage.
The centaur is heavily wounded.
The centaur barely misses you. The centaur kicks you.
* * * LOW HITPOINT WARNING * * *
The iguana closely misses you. The centaur completely misses you.
The centaur kicks you but does no damage.
The iguana bites you!
You die...

#.#
#...........#####.##>###.
#.#
#.#######.........##.##..
#.#
#....[.............)...##
#.#
##########.######.###.##
#.# #.######.....# #.#
#............## #.#
#..#####.####.## #.#
#########..# #.# #... #.#
#.....c@l..# #.# #.##
#####.# #.########.# #.##
#.# ......# #.# #.# #..#
#.# ####### #.# #.# ##.#
#.# #.# #.# #.# #.# #.#
###.# #.# #.# #.# #...#
##.###.# #.#
#.#.#####...##.## #.#
####.#.......#......


You could see a centaur and an iguana.

Vanquished Creatures
  A gnoll (D:1)
  2 adders (D:2)
  3 worms
  4 dart slugs
  3 orcs (D:3)
  2 ball pythons (D:2)
  An endoplasm (D:3)
  2 giant cockroaches
  5 goblins
  7 hobgoblins
  7 jackals
  4 kobolds
  4 quokkas
  4 bats
  3 frilled lizards
  4 rats
56 creatures vanquished.

Notes
Turn   | Place    | Note
-------+----------+-------------------------------------------
     0 | D:1      | Martska the Ogre Gladiator began the quest for the Orb.
     0 | D:1      | Reached XP level 1. HP: 22/22 MP: 1/1
   171 | D:1      | Reached skill level 3 in Fighting
   195 | D:1      | Reached XP level 2. HP: 30/31 MP: 2/2
   380 | D:1      | Reached XP level 3. HP: 27/37 MP: 3/3
   993 | D:2      | Identified the +0 chain mail of Vlad {+Inv rN+ Slay+2}
  1206 | D:2      | Reached XP level 4. HP: 30/48 MP: 4/4
  1542 | D:2      | Reached skill level 4 in Fighting
  1690 | D:2      | Found a faded altar of an unknown god.
  2021 | D:2      | Prayed at the altar of an unknown god.
  2021 | D:2      | Became a worshipper of Qazlal Stormbringer
  2021 | D:2      | Reached * piety under Qazlal
  2299 | D:3      | Found Opyrer's Armour Shoppe.
  2785 | D:4      | Found a staircase to the Ecumenical Temple.
  2827 | D:4      | Noticed a centaur
  2834 | D:3      | Gained mutation: You have an increased reservoir of magic.
                  | (+10% MP) [potion of mutation]
  2834 | D:3      | Gained mutation: You are agile. (Dex +4, Str/Int -1)
                  | [potion of mutation]
  2834 | D:3      | Gained mutation: You are covered in fur. (AC +1) [potion of
                  | mutation]
  2838 | D:3      | Mangled by an iguana

Illustrated notes

Levels and vault maps discovered:
D:1:      dpeg_arrival_snail, layout_basic
D:2:      layout_loops_cross, shapermc_ecumenical_altar_starsandcircs,
          hangedman_decor_slide_cut, grunt_ministairs_3, kennysheep_donut
D:3:      layout_loops_ring, serial_shops, shop
D:4:      layout_basic, minmay_temple_entry_junction_2, minmay_fire_ice_demons

Skill      XL: |  1  2  3  4 |
---------------+-------------+-----
Fighting       | 3 4 |  4.3
Maces & Flails | 3 |  3.5
Dodging        | 3 |  3.5
Throwing       | |  2.0
Invocations    | |  0.2

Action                     |  1- 3 |  4- 6 || total
---------------------------+-------+-------++-------
  Melee: Flail             |   113 |   103 ||   216
  Throw: Large rock        |       |     2 ||     2
    Use: Potion            |       |     1 ||     1
   Stab: Sleeping          |     1 |       ||     1
 Armour: Robe              |    36 |    47 ||    83
  Dodge: Dodged            |    91 |    90 ||   181
  Block: Other             |       |     3 ||     3
